SAN JOSE Sharks vs VEGAS Golden Knights

Created - 23 novembre 2018 at 15:37

Goals
1 2 3 T
SAN JOSE Sharks 1 0 0 1
VEGAS Golden Knights 1 1 2 4
Shots
1 2 3 T
SAN JOSE Sharks 12 6 15 33
VEGAS Golden Knights 13 12 16 41

1st period

1. SAN JOSE Sharks , Mason Raymond 1 (Chris Tierney 14, Mike Matheson 13) at 2:23 (PP)
2. VEGAS Golden Knights , Matt Stajan 3 (Markus Granlund 8, Brendan Smith 6) at 4:34 (PP)

Penalties :
Nick Bjugstad (VGK) for Holding (Minor) at 2:07, Brayden McNabb (SJS) for Slashing (Minor) at 2:44, Melker Karlsson (VGK) for Elbowing (Minor) at 7:53, Brenden Dillon (VGK) for High sticking (Minor) at 11:21, Devin Shore (SJS) for High sticking (Minor) at 13:55

2nd period

3. VEGAS Golden Knights , Marcus Kruger 1 (Nick Bjugstad 6, Melker Karlsson 1) at 19:27

Penalties :
No Penalty

3rd period

4. VEGAS Golden Knights , Markus Granlund 9 (Brenden Dillon 5) at 1:18
5. VEGAS Golden Knights , Melker Karlsson 1 (Jordan Oesterle 2) at 13:10

Penalties :
Brenden Dillon (VGK) for High sticking (Minor) at 6:10

Goalie Stats

Reto Berra (SJS), 37 saves from 41 shots - (0,902), L, 3-3-1, 60:00 minutes
Chad Johnson (VGK), 32 saves from 33 shots - (0,970), W, 3-4-1, 60:00 minutes

Players Stats for SAN JOSE Sharks

Player Name              G  A  P  +/- PIM S  H  SB GA TA FO     MP     PP MP  PK MP  
------------------------------------------------------------------------------------
Brayden McNabb           0  0  0   0  2   3  0  0  0  0  0/0    20:47   2:50   1:19 
Chris Thorburn           0  0  0   0  0   2  1  0  0  0  9/18   12:41   0:00   0:00 
Chris Tierney            0  1  1  -3  0   2  0  0  0  0  12/20  17:55   2:44   0:49 
Christian Djoos          0  0  0   0  0   0  0  0  0  0  0/0    14:21   0:00   0:47 
Devin Shore              0  0  0  -3  2   0  0  0  0  0  1/1    14:21   0:00   0:00 
Johan Franzen            0  0  0   0  0   1  0  0  0  0  1/2    15:25   2:44   0:00 
John Mitchell            0  0  0   0  0   1  0  2  0  0  6/9     7:11   0:00   0:00 
John Ramage              0  0  0  -2  0   0  3  0  0  0  0/0    20:41   3:23   1:27 
Josh Anderson            0  0  0   0  0   6  0  0  0  0  4/13   22:13   3:29   3:00 
Lauri Korpikoski         0  0  0   0  0   1  0  0  0  0  0/1     7:11   0:00   0:00 
Marcus Foligno           0  0  0   0  0   2  1  0  0  0  1/1    11:29   3:29   0:49 
Mason Raymond            1  0  1   0  0   4  1  0  0  0  2/2    18:28   2:44   0:00 
Mike Matheson            0  1  1  -2  0   2  0  1  0  0  0/0    20:57   3:23   1:43 
Milan Michalek           0  0  0   0  0   1  0  0  0  0  0/2    12:41   0:00   0:00 
Nick Schmaltz            0  0  0   0  0   5  3  0  0  0  16/29  22:13   3:29   3:00 
Radko Gudas              0  0  0  -1  0   2  4  4  0  0  0/0    25:45   2:50   2:22 
Scott Harrington         0  0  0  -1  0   0  1  1  0  0  0/0    17:28   0:00   0:00 
Sven Baertschi           0  0  0  -3  0   1  0  0  0  0  0/0    14:22   0:00   0:00 

Players Stats for VEGAS Golden Knights

Player Name              G  A  P  +/- PIM S  H  SB GA TA FO     MP     PP MP  PK MP  
------------------------------------------------------------------------------------
Antoine Roussel          0  0  0   0  0   5  1  0  0  0  7/14   13:16   0:00   0:00 
Benoit Pouliot           0  0  0   1  0   8  0  0  0  0  6/8    17:12   2:27   0:07 
Brendan Smith            0  1  1   1  0   0  2  3  0  0  0/0    21:59   1:44   2:52 
Brenden Dillon           0  1  1   1  4   4  3  1  0  0  0/0    20:30   1:44   0:45 
Connor Carrick           0  0  0   1  0   3  1  0  0  0  0/0    23:40   2:05   4:06 
Joel Ward                0  0  0   0  0   2  0  0  0  0  1/1    13:16   0:00   0:00 
Jordan Oesterle          0  1  1   2  0   0  1  2  0  0  0/0    25:30   2:05   3:21 
Justin Holl              0  0  0   0  0   0  2  1  0  0  0/0    11:11   0:00   0:00 
Marcus Kruger            1  0  1   2  0   4  1  0  0  0  0/1    18:41   0:00   0:00 
Markus Granlund          1  1  2   1  0   3  0  0  0  0  3/3    17:27   1:22   1:27 
Matt Stajan              1  0  1   0  0   1  1  1  0  0  6/20    9:24   1:22   4:39 
Melker Karlsson          1  1  2   2  2   5  1  1  0  0  13/24  21:51   0:00   3:11 
Michael Raffl            0  0  0   0  0   2  1  0  0  0  0/0     6:43   1:22   1:28 
Mike Reilly              0  0  0   1  0   0  1  1  0  0  0/0    16:31   0:00   1:22 
Nick Bjugstad            0  1  1   2  2   1  2  0  0  0  0/3    22:48   2:27   1:34 
Nicolas Deslauriers      0  0  0   1  0   0  5  0  0  0  7/20   14:38   0:00   0:00 
Ryan Reaves              0  0  0   0  0   0  1  0  0  0  0/1     5:50   2:27   0:00 
Zack Kassian             0  0  0   0  0   3  1  0  0  0  3/3    13:16   0:00   0:00 

3 Stars

1 - Chad Johnson (VGK)
2 - Melker Karlsson (VGK)
3 - Markus Granlund (VGK)

Power Play

SAN JOSE Sharks - 1 on 4 Attempt(s) - 25,00%
VEGAS Golden Knights - 1 on 2 Attempt(s) - 50,00%

Penalty Kill

SAN JOSE Sharks - 1 on 2 Attempt(s) - 50,00% - Score 0 goal in Penalty Kill
VEGAS Golden Knights - 3 on 4 Attempt(s) - 75,00% - Score 0 goal in Penalty Kill

Team Stat

SAN JOSE Sharks - Hits : 14 - Faceoff Wins : 52 - Blocked Shots : 8 - Penalty Minutes : 4
VEGAS Golden Knights - Hits : 24 - Faceoff Wins : 46 - Blocked Shots : 10 - Penalty Minutes : 8

Official

Referees : Unknown
Linesman : Unknown

Game Notes

Justin Holl is injured at 18:16 of 2nd period (Lower Body)

Finance

Level 1 -- Attendance: 4728 (78,80%) -- Ticket Income 472 800 $
Level 2 -- Attendance: 4051 (81,02%) -- Ticket Income 243 060 $
Level 3 -- Attendance: 1967 (98,35%) -- Ticket Income 68 845 $
Level 4 -- Attendance: 2826 (70,65%) -- Ticket Income 70 650 $
Luxury Box -- Attendance: 743 (74,30%) -- Ticket Income 148 600 $
Game was played at the T-Mobile Arena.
Total Attendance: 14315 (79,53%)
Total Ticket Income: 1 003 955 $
Other Income: 391 542 $
Total Income: 1 395 497 $

SAN JOSE Sharks

5 vs 5 Forward 
   Center                   Left Wing                Right Wing               Time % Phy DF OF 
 1 Nick Schmaltz            Josh Anderson            Mason Raymond            32     1   3  1  
 2 Chris Tierney            Sven Baertschi           Devin Shore              28     1   3  1  
 3 Chris Thorburn           Johan Franzen            Milan Michalek           25     2   2  1  
 4 John Mitchell            Marcus Foligno           Lauri Korpikoski         15     2   3  0  

5 vs 5 Defense 
   Defense                  Defense                                           Time % Phy DF OF 
 1 Scott Harrington         Radko Gudas                                       40     3   1  1  
 2 Mike Matheson            John Ramage                                       30     1   1  3  
 3 Brayden McNabb           Christian Djoos                                   20     1   2  2  
 4 Brayden McNabb           Radko Gudas                                       10     5   0  0  

PowerPlay Forward 
   Center                   Left Wing                Right Wing               Time % Phy DF OF 
 1 Nick Schmaltz            Josh Anderson            Marcus Foligno           52     0   0  5  
 2 Chris Tierney            Mason Raymond            Johan Franzen            48     0   0  5  

PowerPlay Defense
   Defense                  Defense                                           Time % Phy DF OF 
 1 Brayden McNabb           Radko Gudas                                       54     0   0  5  
 2 Mike Matheson            John Ramage                                       46     0   0  5  

Penalty Kill 4 Players Forward 
   Center                   Wing                     Time % Phy DF OF 
 1 Josh Anderson            Nick Schmaltz            60     0   5  0  
 2 Chris Tierney            Marcus Foligno           40     0   5  0  

Penalty Kill 4 Players Defense
   Defense                  Defense                  Time % Phy DF OF 
 1 Brayden McNabb           Radko Gudas              60     0   5  0  
 2 Mike Matheson            John Ramage              40     0   5  0  

Penalty Kill - 3 Players Forward 
   Forward                                           Time % Phy DF OF 
 1 Josh Anderson                                     60     1   2  2  
 2 Nick Schmaltz                                     40     1   2  2  

Penalty Kill - 3 Players Defense
   Defense                  Defense                  Time % Phy DF OF 
 1 Brayden McNabb           Radko Gudas              60     1   2  2  
 2 Mike Matheson            John Ramage              40     1   2  2  

4 vs 4 Forward 
   Center                   Wing                     Time % Phy DF OF 
 1 Josh Anderson            Nick Schmaltz            60     1   2  2  
 2 Chris Tierney            Marcus Foligno           40     1   2  2  

4 vs 4 Defense
   Defense                  Defense                  Time % Phy DF OF 
 1 Brayden McNabb           Radko Gudas              60     1   2  2  
 2 Mike Matheson            John Ramage              40     1   2  2  

Last Minutes Offensive
   Center                   Left Wing                Right Wing               Defense                  Defense                  
   Nick Schmaltz            Josh Anderson            Marcus Foligno           Brayden McNabb           Radko Gudas              

Last Minutes Defensive
   Center                   Left Wing                Right Wing               Defense                  Defense                  
   Nick Schmaltz            Josh Anderson            Marcus Foligno           Brayden McNabb           Radko Gudas              

Goaltenders
Starting : Reto Berra               
Backup : Jaroslav Halak           

Extra Forwards
Normal : Chris Thorburn, Lauri Korpikoski, Milan Michalek - PP : Chris Thorburn, Lauri Korpikoski - PK : Milan Michalek
Extra Defensemen
Normal : Scott Harrington, Christian Djoos, Mike Matheson - PP : Scott Harrington - PK : Christian Djoos, Mike Matheson
Penalty Shots
Josh Anderson, Nick Schmaltz, Chris Tierney, Marcus Foligno, Sven Baertschi

VEGAS Golden Knights

5 vs 5 Forward 
   Center                   Left Wing                Right Wing               Time % Phy DF OF 
 1 Melker Karlsson          Marcus Kruger            Nick Bjugstad            40     1   2  2  
 2 Nicolas Deslauriers      Benoit Pouliot           Markus Granlund          30     1   2  2  
 3 Antoine Roussel          Joel Ward                Zack Kassian             25     5   0  0  
 4 Matt Stajan              Michael Raffl            Ryan Reaves              5      1   2  2  

5 vs 5 Defense 
   Defense                  Defense                                           Time % Phy DF OF 
 1 Jordan Oesterle          Justin Holl                                       40     1   2  2  
 2 Brenden Dillon           Brendan Smith                                     30     1   2  2  
 3 Connor Carrick           Mike Reilly                                       20     1   2  2  
 4 Brenden Dillon           Brendan Smith                                     10     1   2  2  

PowerPlay Forward 
   Center                   Left Wing                Right Wing               Time % Phy DF OF 
 1 Benoit Pouliot           Ryan Reaves              Nick Bjugstad            60     1   2  2  
 2 Matt Stajan              Michael Raffl            Markus Granlund          40     1   2  2  

PowerPlay Defense
   Defense                  Defense                                           Time % Phy DF OF 
 1 Connor Carrick           Jordan Oesterle                                   60     1   2  2  
 2 Brenden Dillon           Brendan Smith                                     40     1   2  2  

Penalty Kill 4 Players Forward 
   Center                   Wing                     Time % Phy DF OF 
 1 Matt Stajan              Melker Karlsson          60     1   2  2  
 2 Nick Bjugstad            Markus Granlund          40     1   2  2  

Penalty Kill 4 Players Defense
   Defense                  Defense                  Time % Phy DF OF 
 1 Jordan Oesterle          Connor Carrick           60     1   2  2  
 2 Brenden Dillon           Brendan Smith            40     1   2  2  

Penalty Kill - 3 Players Forward 
   Forward                                           Time % Phy DF OF 
 1 Nick Bjugstad                                     60     1   2  2  
 2 Markus Granlund                                   40     1   2  2  

Penalty Kill - 3 Players Defense
   Defense                  Defense                  Time % Phy DF OF 
 1 Justin Holl              Mike Reilly              60     1   2  2  
 2 Brenden Dillon           Brendan Smith            40     1   2  2  

4 vs 4 Forward 
   Center                   Wing                     Time % Phy DF OF 
 1 Markus Granlund          Matt Stajan              60     1   2  2  
 2 Nick Bjugstad            Benoit Pouliot           40     1   2  2  

4 vs 4 Defense
   Defense                  Defense                  Time % Phy DF OF 
 1 Mike Reilly              Justin Holl              60     1   2  2  
 2 Brenden Dillon           Brendan Smith            40     1   2  2  

Last Minutes Offensive
   Center                   Left Wing                Right Wing               Defense                  Defense                  
   Melker Karlsson          Marcus Kruger            Nick Bjugstad            Jordan Oesterle          Justin Holl              

Last Minutes Defensive
   Center                   Left Wing                Right Wing               Defense                  Defense                  
   Melker Karlsson          Marcus Kruger            Nick Bjugstad            Jordan Oesterle          Justin Holl              

Goaltenders
Starting : Chad Johnson             
Backup : Charlie Lindgren         

Extra Forwards
Normal : Ryan Reaves, Benoit Pouliot, Matt Stajan - PP : Ryan Reaves, Benoit Pouliot - PK : Matt Stajan
Extra Defensemen
Normal : Connor Carrick, Mike Reilly, Brenden Dillon - PP : Connor Carrick - PK : Mike Reilly, Brenden Dillon
Penalty Shots
Benoit Pouliot, Marcus Kruger, Nick Bjugstad, Ryan Reaves, Markus Granlund


% Time on Ice - SAN JOSE Sharks

Lines # - Real PCT - Wanted PCT - Time Play
Normal Forward
1 - 31% - 32% - 15:44
2 - 29% - 28% - 14:22
3 - 25% - 25% - 12:41
4 - 14% - 15% - 7:11
Normal Defense
1 - 35% - 40% - 17:28
2 - 32% - 30% - 15:51
3 - 27% - 20% - 13:34
4 - 6% - 10% - 3:05
PP Forward
1 - 56% - 52% - 3:29
2 - 44% - 48% - 2:44
PP Defense
1 - 46% - 54% - 2:50
2 - 54% - 46% - 3:23
PK Forward
1 - 79% - 60% - 3:00
2 - 21% - 40% - 0:49
PK Defense
1 - 62% - 60% - 2:22
2 - 38% - 40% - 1:27
PK3 Forward
1 - 0% - 60%
2 - 0% - 40%
PK3 Defense
1 - 0% - 60%
2 - 0% - 40%
44 Forward
1 - 0% - 60%
2 - 0% - 40%
44 Defense
1 - 0% - 60%
2 - 0% - 40%
Last Minute Offensive  - 0:00
Last Minute Defensive  - 0:00
Total
Forward - 60:00
Defense - 60:00

% Time on Ice - VEGAS Golden Knights

Lines # - Real PCT - Wanted PCT - Time Play
Normal Forward
1 - 37% - 40% - 18:41
2 - 29% - 30% - 14:38
3 - 27% - 25% - 13:16
4 - 7% - 5% - 3:23
Normal Defense
1 - 40% - 40% - 20:04
2 - 28% - 30% - 13:48
3 - 25% - 20% - 12:31
4 - 7% - 10% - 3:35
PP Forward
1 - 64% - 60% - 2:27
2 - 36% - 40% - 1:22
PP Defense
1 - 55% - 60% - 2:05
2 - 45% - 40% - 1:44
PK Forward
1 - 77% - 60% - 4:46
2 - 23% - 40% - 1:27
PK Defense
1 - 54% - 60% - 3:21
2 - 46% - 40% - 2:52
PK3 Forward
1 - 0% - 60%
2 - 0% - 40%
PK3 Defense
1 - 0% - 60%
2 - 0% - 40%
44 Forward
1 - 0% - 60%
2 - 0% - 40%
44 Defense
1 - 0% - 60%
2 - 0% - 40%
Last Minute Offensive  - 0:00
Last Minute Defensive  - 0:00
Total
Forward - 60:00
Defense - 60:00

Play by Play

1st period


0:01 of 1st period - Melker Karlsson wins face-off versus Josh Anderson in neutral zone.
0:21 of 1st period - Nick Bjugstad is hit by Scott Harrington.
0:29 of 1st period - Shot by Josh Anderson.
0:29 of 1st period - Stopped by Chad Johnson without a rebound.
0:30 of 1st period - Markus Granlund wins face-off versus Chris Tierney in VEGAS Golden Knights zone.
0:35 of 1st period - Mike Matheson is hit by Nicolas Deslauriers and loses puck.
0:45 of 1st period - Icing by Brendan Smith.
0:46 of 1st period - Nicolas Deslauriers wins face-off versus Chris Thorburn in VEGAS Golden Knights zone.
1:39 of 1st period - Shot by Lauri Korpikoski.
1:39 of 1st period - Shot Blocked by Brendan Smith.
1:41 of 1st period - Shot by Marcus Foligno.
1:41 of 1st period - Stopped by Chad Johnson without a rebound.
1:42 of 1st period - Chris Tierney wins face-off versus Antoine Roussel in VEGAS Golden Knights zone.
1:51 of 1st period - Shot by Joel Ward.
1:51 of 1st period - Shot Misses the Net.
1:55 of 1st period - Shot by Zack Kassian.
1:55 of 1st period - Stopped by Reto Berra without a rebound.
1:56 of 1st period - Nick Schmaltz wins face-off versus Melker Karlsson in SAN JOSE Sharks zone.
2:03 of 1st period - Mike Matheson is hit by Melker Karlsson and loses puck.
2:07 of 1st period - Minor Penalty to Nick Bjugstad for Holding.
2:08 of 1st period - Nick Schmaltz wins face-off versus Matt Stajan in VEGAS Golden Knights zone.
2:17 of 1st period - Shot by Brayden McNabb.
2:17 of 1st period - Stopped by Chad Johnson without a rebound.
2:18 of 1st period - Chris Tierney wins face-off versus Matt Stajan in VEGAS Golden Knights zone.
2:19 of 1st period - Shot by Mike Matheson.
2:19 of 1st period - Shot Misses the Net.
2:21 of 1st period - Shot by Chris Tierney.
2:21 of 1st period - Shot Misses the Net.
2:23 of 1st period - Shot by Mason Raymond.
2:23 of 1st period - Goal by Mason Raymond - SAN JOSE Sharks : 1 - VEGAS Golden Knights : 0.
2:24 of 1st period - Antoine Roussel wins face-off versus Chris Tierney in neutral zone.
2:44 of 1st period - Minor Penalty to Brayden McNabb for Slashing.
2:45 of 1st period - Benoit Pouliot wins face-off versus Josh Anderson in SAN JOSE Sharks zone.
2:56 of 1st period - Shot by Brenden Dillon.
2:56 of 1st period - Stopped by Reto Berra without a rebound.
2:57 of 1st period - Matt Stajan wins face-off versus Josh Anderson in SAN JOSE Sharks zone.
2:58 of 1st period - Shot by Connor Carrick.
2:58 of 1st period - Stopped by Reto Berra without a rebound.
2:59 of 1st period - Benoit Pouliot wins face-off versus Josh Anderson in SAN JOSE Sharks zone.
3:00 of 1st period - Shot by Connor Carrick.
3:00 of 1st period - Shot Blocked by Radko Gudas.
3:02 of 1st period - Shot by Benoit Pouliot.
3:02 of 1st period - Stopped by Reto Berra without a rebound.
3:03 of 1st period - Benoit Pouliot wins face-off versus Josh Anderson in SAN JOSE Sharks zone.
3:19 of 1st period - Icing by Jordan Oesterle.
3:20 of 1st period - Nick Schmaltz wins face-off versus Benoit Pouliot in VEGAS Golden Knights zone.
4:24 of 1st period - Shot by Brenden Dillon.
4:24 of 1st period - Stopped by Reto Berra with a rebound.
4:26 of 1st period - Shot by Brendan Smith.
4:26 of 1st period - Shot Misses the Net.
4:30 of 1st period - Shot by Markus Granlund.
4:30 of 1st period - Shot Misses the Net.
4:32 of 1st period - Shot by Markus Granlund.
4:32 of 1st period - Shot Blocked by Mike Matheson.
4:34 of 1st period - Shot by Matt Stajan.
4:34 of 1st period - Goal by Matt Stajan - SAN JOSE Sharks : 1 - VEGAS Golden Knights : 1.
4:35 of 1st period - Zack Kassian wins face-off versus Chris Thorburn in neutral zone.
5:20 of 1st period - Joel Ward is hit by Radko Gudas and loses puck.
5:24 of 1st period - Icing by Radko Gudas.
5:25 of 1st period - Chris Tierney wins face-off versus Melker Karlsson in SAN JOSE Sharks zone.
5:49 of 1st period - Shot by Nick Bjugstad.
5:49 of 1st period - Shot Misses the Net.
5:51 of 1st period - Shot by Marcus Kruger.
5:51 of 1st period - Stopped by Reto Berra without a rebound.
5:52 of 1st period - Nick Schmaltz wins face-off versus Nicolas Deslauriers in SAN JOSE Sharks zone.
6:28 of 1st period - Off-side.
6:29 of 1st period - John Mitchell wins face-off versus Matt Stajan in neutral zone.
7:04 of 1st period - Shot by Marcus Foligno.
7:04 of 1st period - Stopped by Chad Johnson without a rebound.
7:05 of 1st period - Chris Tierney wins face-off versus Melker Karlsson in VEGAS Golden Knights zone.
7:40 of 1st period - Shot by Marcus Kruger.
7:40 of 1st period - Shot Misses the Net.
7:53 of 1st period - Minor Penalty to Melker Karlsson for Elbowing.
7:54 of 1st period - Nick Schmaltz wins face-off versus Matt Stajan in VEGAS Golden Knights zone.
8:21 of 1st period - Shot by Nick Schmaltz.
8:21 of 1st period - Stopped by Chad Johnson without a rebound.
8:22 of 1st period - Johan Franzen wins face-off versus Matt Stajan in VEGAS Golden Knights zone.
8:23 of 1st period - Shot by Radko Gudas.
8:23 of 1st period - Stopped by Chad Johnson without a rebound.
8:24 of 1st period - Matt Stajan wins face-off versus Chris Tierney in VEGAS Golden Knights zone.
8:32 of 1st period - Chris Tierney is hit by Brenden Dillon and loses puck.
8:45 of 1st period - Shot by Brayden McNabb.
8:45 of 1st period - Stopped by Chad Johnson without a rebound.
8:46 of 1st period - Matt Stajan wins face-off versus Nick Schmaltz in VEGAS Golden Knights zone.
8:56 of 1st period - Mike Matheson is hit by Brenden Dillon and loses puck.
9:11 of 1st period - Shot by Mike Matheson.
9:11 of 1st period - Stopped by Chad Johnson with a rebound.
9:13 of 1st period - Shot by John Ramage.
9:13 of 1st period - Shot Blocked by Matt Stajan.
10:10 of 1st period - Icing by Antoine Roussel.
10:11 of 1st period - Antoine Roussel wins face-off versus Milan Michalek in VEGAS Golden Knights zone.
10:36 of 1st period - Shot by Zack Kassian.
10:36 of 1st period - Deflect By Joel Ward.
10:36 of 1st period - Stopped by Reto Berra without a rebound.
10:37 of 1st period - Melker Karlsson wins face-off versus Nick Schmaltz in SAN JOSE Sharks zone.
10:58 of 1st period - Shot by Josh Anderson.
10:58 of 1st period - Stopped by Chad Johnson without a rebound.
10:59 of 1st period - John Mitchell wins face-off versus Nicolas Deslauriers in VEGAS Golden Knights zone.
11:02 of 1st period - Shot by Radko Gudas.
11:02 of 1st period - Shot Misses the Net.
11:21 of 1st period - Minor Penalty to Brenden Dillon for High sticking.
11:22 of 1st period - Chris Tierney wins face-off versus Matt Stajan in VEGAS Golden Knights zone.
11:41 of 1st period - Shot by Mike Matheson.
11:41 of 1st period - Shot Blocked by Jordan Oesterle.
11:43 of 1st period - Shot by Mason Raymond.
11:43 of 1st period - Stopped by Chad Johnson without a rebound.
11:44 of 1st period - Nick Schmaltz wins face-off versus Nick Bjugstad in VEGAS Golden Knights zone.
11:49 of 1st period - Shot by Nick Schmaltz.
11:49 of 1st period - Shot Blocked by Brendan Smith.
12:37 of 1st period - Icing by Mike Matheson.
12:38 of 1st period - Markus Granlund wins face-off versus Chris Tierney in SAN JOSE Sharks zone.
12:41 of 1st period - Shot by Nick Bjugstad.
12:41 of 1st period - Shot Misses the Net.
12:43 of 1st period - Shot by Nick Bjugstad.
12:43 of 1st period - Shot Misses the Net.
13:09 of 1st period - Shot by Mike Matheson.
13:09 of 1st period - Shot Misses the Net.
13:44 of 1st period - Icing by Joel Ward.
13:45 of 1st period - Chris Tierney wins face-off versus Antoine Roussel in VEGAS Golden Knights zone.
13:55 of 1st period - Minor Penalty to Devin Shore for High sticking.
13:56 of 1st period - Benoit Pouliot wins face-off versus Josh Anderson in SAN JOSE Sharks zone.
14:16 of 1st period - Shot by Brendan Smith.
14:16 of 1st period - Deflect By Ryan Reaves.
14:16 of 1st period - Shot Misses the Net.
14:18 of 1st period - Shot by Brendan Smith.
14:18 of 1st period - Shot Misses the Net.
14:20 of 1st period - Shot by Brenden Dillon.
14:20 of 1st period - Stopped by Reto Berra without a rebound.
14:21 of 1st period - Josh Anderson wins face-off versus Matt Stajan in SAN JOSE Sharks zone.
14:21 of 1st period - Josh Anderson is hit by Michael Raffl.
14:33 of 1st period - Shot by Connor Carrick.
14:33 of 1st period - Stopped by Reto Berra without a rebound.
14:34 of 1st period - Josh Anderson wins face-off versus Ryan Reaves in SAN JOSE Sharks zone.
14:40 of 1st period - Icing by Jordan Oesterle.
14:41 of 1st period - Benoit Pouliot wins face-off versus Josh Anderson in VEGAS Golden Knights zone.
14:43 of 1st period - Icing by Jordan Oesterle.
14:44 of 1st period - Josh Anderson wins face-off versus Benoit Pouliot in VEGAS Golden Knights zone.
14:50 of 1st period - Icing by Benoit Pouliot.
14:51 of 1st period - Benoit Pouliot wins face-off versus Josh Anderson in VEGAS Golden Knights zone.
15:09 of 1st period - Shot by Benoit Pouliot.
15:09 of 1st period - Stopped by Reto Berra without a rebound.
15:10 of 1st period - Matt Stajan wins face-off versus Josh Anderson in SAN JOSE Sharks zone.
15:13 of 1st period - Shot by Markus Granlund.
15:13 of 1st period - Stopped by Reto Berra with a rebound.
15:35 of 1st period - Shot by Mike Matheson.
15:35 of 1st period - Shot Misses the Net.
15:49 of 1st period - Nick Schmaltz is hit by Matt Stajan and loses puck.
17:29 of 1st period - Icing by Devin Shore.
17:30 of 1st period - Nicolas Deslauriers wins face-off versus Chris Tierney in SAN JOSE Sharks zone.
17:58 of 1st period - Brenden Dillon is hit by Radko Gudas and loses puck.
18:10 of 1st period - Off-side.
18:11 of 1st period - Nick Schmaltz wins face-off versus Antoine Roussel in neutral zone.
18:13 of 1st period - Josh Anderson is hit by Justin Holl.
18:38 of 1st period - Shot by Josh Anderson.
18:38 of 1st period - Stopped by Chad Johnson without a rebound.
18:39 of 1st period - Melker Karlsson wins face-off versus Chris Thorburn in VEGAS Golden Knights zone.
18:41 of 1st period - Icing by Nick Bjugstad.
18:42 of 1st period - Melker Karlsson wins face-off versus Chris Thorburn in VEGAS Golden Knights zone.
18:42 of 1st period - Melker Karlsson is hit by Chris Thorburn.
19:08 of 1st period - Shot by Chris Thorburn.
19:08 of 1st period - Deflect By Milan Michalek.
19:08 of 1st period - Shot Blocked by Mike Reilly.
19:49 of 1st period - Shot by Jordan Oesterle.
19:49 of 1st period - Shot Misses the Net.
19:51 of 1st period - Shot by Benoit Pouliot.
19:51 of 1st period - Stopped by Reto Berra without a rebound.
19:52 of 1st period - Zack Kassian wins face-off versus Chris Tierney in SAN JOSE Sharks zone.
Goals for this period are 1 for SAN JOSE Sharks vs 1 for VEGAS Golden Knights.
Shots for this period are 12 for SAN JOSE Sharks vs 13 for VEGAS Golden Knights.

2nd period


0:01 of 2nd period - Melker Karlsson wins face-off versus Nick Schmaltz in neutral zone.
0:01 of 2nd period - Melker Karlsson is hit by Mason Raymond.
1:05 of 2nd period - Sven Baertschi is hit by Justin Holl and loses puck.
1:08 of 2nd period - Shot by Mike Matheson.
1:08 of 2nd period - Shot Misses the Net.
1:10 of 2nd period - Shot by John Ramage.
1:10 of 2nd period - Shot Misses the Net.
2:35 of 2nd period - Shot by Lauri Korpikoski.
2:35 of 2nd period - Shot Blocked by Brendan Smith.
2:47 of 2nd period - Shot by Markus Granlund.
2:47 of 2nd period - Shot Misses the Net.
3:05 of 2nd period - Shot by Zack Kassian.
3:05 of 2nd period - Shot Misses the Net.
3:19 of 2nd period - Shot by Antoine Roussel.
3:19 of 2nd period - Stopped by Reto Berra with a rebound.
3:33 of 2nd period - Shot by Antoine Roussel.
3:33 of 2nd period - Stopped by Reto Berra with a rebound.
3:55 of 2nd period - Shot by Michael Raffl.
3:55 of 2nd period - Stopped by Reto Berra with a rebound.
3:57 of 2nd period - Shot by Brenden Dillon.
3:57 of 2nd period - Stopped by Reto Berra without a rebound.
3:58 of 2nd period - Josh Anderson wins face-off versus Nicolas Deslauriers in SAN JOSE Sharks zone.
3:58 of 2nd period - Josh Anderson is hit by Nicolas Deslauriers.
4:24 of 2nd period - Josh Anderson is hit by Connor Carrick and loses puck.
4:36 of 2nd period - Nick Schmaltz is hit by Mike Reilly and loses puck.
5:12 of 2nd period - Shot by Sven Baertschi.
5:12 of 2nd period - Shot Misses the Net.
5:42 of 2nd period - Chris Thorburn is hit by Brenden Dillon and loses puck.
6:11 of 2nd period - Icing by Mike Matheson.
6:12 of 2nd period - Matt Stajan wins face-off versus Chris Thorburn in SAN JOSE Sharks zone.
7:26 of 2nd period - Devin Shore is hit by Marcus Kruger and loses puck.
7:40 of 2nd period - Sven Baertschi is hit by Nick Bjugstad and loses puck.
8:29 of 2nd period - Shot by John Mitchell.
8:29 of 2nd period - Stopped by Chad Johnson without a rebound.
8:30 of 2nd period - Nick Schmaltz wins face-off versus Antoine Roussel in VEGAS Golden Knights zone.
8:56 of 2nd period - Icing by Josh Anderson.
8:57 of 2nd period - Markus Granlund wins face-off versus Nick Schmaltz in SAN JOSE Sharks zone.
9:30 of 2nd period - Sven Baertschi is hit by Nicolas Deslauriers.
9:54 of 2nd period - Shot by Chris Tierney.
9:54 of 2nd period - Shot Misses the Net.
10:03 of 2nd period - Icing by Brenden Dillon.
10:04 of 2nd period - Zack Kassian wins face-off versus Chris Thorburn in VEGAS Golden Knights zone.
10:33 of 2nd period - Shot by Milan Michalek.
10:33 of 2nd period - Stopped by Chad Johnson without a rebound.
10:34 of 2nd period - Melker Karlsson wins face-off versus Lauri Korpikoski in VEGAS Golden Knights zone.
10:53 of 2nd period - Marcus Kruger is hit by Marcus Foligno and loses puck.
11:21 of 2nd period - Icing by Mike Matheson.
11:22 of 2nd period - Devin Shore wins face-off versus Nicolas Deslauriers in SAN JOSE Sharks zone.
11:26 of 2nd period - Off-side.
11:27 of 2nd period - Nick Schmaltz wins face-off versus Nicolas Deslauriers in neutral zone.
11:27 of 2nd period - Nick Schmaltz is hit by Nicolas Deslauriers.
12:02 of 2nd period - Shot by Markus Granlund.
12:02 of 2nd period - Shot Misses the Net.
12:04 of 2nd period - Shot by Markus Granlund.
12:04 of 2nd period - Stopped by Reto Berra without a rebound.
12:05 of 2nd period - Chris Thorburn wins face-off versus Melker Karlsson in SAN JOSE Sharks zone.
12:07 of 2nd period - Icing by Milan Michalek.
12:08 of 2nd period - Melker Karlsson wins face-off versus Milan Michalek in SAN JOSE Sharks zone.
12:09 of 2nd period - Shot by Marcus Kruger.
12:09 of 2nd period - Shot Misses the Net.
12:17 of 2nd period - Shot by Melker Karlsson.
12:17 of 2nd period - Shot Misses the Net.
12:26 of 2nd period - Icing by Chris Thorburn.
12:27 of 2nd period - Chris Thorburn wins face-off versus Antoine Roussel in SAN JOSE Sharks zone.
13:05 of 2nd period - Shot by Antoine Roussel.
13:05 of 2nd period - Shot Misses the Net.
13:18 of 2nd period - Icing by Brendan Smith.
13:19 of 2nd period - Chris Tierney wins face-off versus Marcus Kruger in VEGAS Golden Knights zone.
13:26 of 2nd period - Shot by Chris Tierney.
13:26 of 2nd period - Shot Misses the Net.
14:30 of 2nd period - Benoit Pouliot is hit by Nick Schmaltz and loses puck.
15:17 of 2nd period - Zack Kassian is hit by John Ramage.
15:31 of 2nd period - Shot by Antoine Roussel.
15:31 of 2nd period - Stopped by Reto Berra with a rebound.
15:33 of 2nd period - Shot by Zack Kassian.
15:33 of 2nd period - Shot Misses the Net.
15:35 of 2nd period - Shot by Zack Kassian.
15:35 of 2nd period - Deflect By Antoine Roussel.
15:35 of 2nd period - Stopped by Reto Berra without a rebound.
15:36 of 2nd period - Chris Thorburn wins face-off versus Matt Stajan in SAN JOSE Sharks zone.
15:40 of 2nd period - Off-side.
15:41 of 2nd period - Chris Thorburn wins face-off versus Matt Stajan in neutral zone.
16:02 of 2nd period - Shot by Brayden McNabb.
16:02 of 2nd period - Stopped by Chad Johnson without a rebound.
16:03 of 2nd period - Chris Tierney wins face-off versus Melker Karlsson in VEGAS Golden Knights zone.
16:16 of 2nd period - Shot by Marcus Kruger.
16:16 of 2nd period - Deflect By Nick Bjugstad.
16:16 of 2nd period - Shot Misses the Net.
16:18 of 2nd period - Shot by Nick Bjugstad.
16:18 of 2nd period - Shot Misses the Net.
16:20 of 2nd period - Shot by Melker Karlsson.
16:20 of 2nd period - Shot Blocked by Radko Gudas.
16:22 of 2nd period - Shot by Nick Bjugstad.
16:22 of 2nd period - Shot Misses the Net.
16:24 of 2nd period - Shot by Brenden Dillon.
16:24 of 2nd period - Shot Misses the Net.
16:26 of 2nd period - Shot by Melker Karlsson.
16:26 of 2nd period - Stopped by Reto Berra without a rebound.
16:27 of 2nd period - Nicolas Deslauriers wins face-off versus Chris Thorburn in SAN JOSE Sharks zone.
16:36 of 2nd period - Shot by Benoit Pouliot.
16:36 of 2nd period - Stopped by Reto Berra with a rebound.
17:24 of 2nd period - Icing by Jordan Oesterle.
17:25 of 2nd period - Chris Tierney wins face-off versus Melker Karlsson in VEGAS Golden Knights zone.
17:56 of 2nd period - Shot by Devin Shore.
17:56 of 2nd period - Shot Blocked by Jordan Oesterle.
18:02 of 2nd period - Shot by Sven Baertschi.
18:02 of 2nd period - Shot Misses the Net.
18:04 of 2nd period - Shot by Chris Tierney.
18:04 of 2nd period - Shot Misses the Net.
18:06 of 2nd period - Shot by Devin Shore.
18:06 of 2nd period - Shot Blocked by Justin Holl.
18:15 of 2nd period - Justin Holl is hit by John Ramage and loses puck.
18:16 of 2nd period - Justin Holl from VEGAS Golden Knights is injured at 18:16 of 2nd period (Lower Body).
18:17 of 2nd period - Nicolas Deslauriers wins face-off versus Nick Schmaltz in SAN JOSE Sharks zone.
18:20 of 2nd period - Shot by Benoit Pouliot.
18:20 of 2nd period - Stopped by Reto Berra without a rebound.
18:21 of 2nd period - Mason Raymond wins face-off versus Nicolas Deslauriers in SAN JOSE Sharks zone.
18:21 of 2nd period - Mike Matheson is hit by Nicolas Deslauriers and loses puck.
18:27 of 2nd period - Mike Matheson is hit by Brendan Smith and loses puck.
18:34 of 2nd period - Shot by Josh Anderson.
18:34 of 2nd period - Stopped by Chad Johnson without a rebound.
18:35 of 2nd period - Joel Ward wins face-off versus John Mitchell in VEGAS Golden Knights zone.
18:39 of 2nd period - Icing by Antoine Roussel.
18:40 of 2nd period - Nick Schmaltz wins face-off versus Antoine Roussel in VEGAS Golden Knights zone.
18:47 of 2nd period - Shot by Josh Anderson.
18:47 of 2nd period - Shot Misses the Net.
18:53 of 2nd period - Shot by Nick Schmaltz.
18:53 of 2nd period - Shot Misses the Net.
18:57 of 2nd period - Shot by Josh Anderson.
18:57 of 2nd period - Shot Misses the Net.
19:07 of 2nd period - Shot by Nick Schmaltz.
19:07 of 2nd period - Stopped by Chad Johnson without a rebound.
19:08 of 2nd period - Melker Karlsson wins face-off versus Chris Tierney in VEGAS Golden Knights zone.
19:18 of 2nd period - Marcus Kruger is hit by John Ramage and loses puck.
19:25 of 2nd period - Shot by Nick Bjugstad.
19:25 of 2nd period - Shot Misses the Net.
19:27 of 2nd period - Shot by Marcus Kruger.
19:27 of 2nd period - Goal by Marcus Kruger - SAN JOSE Sharks : 1 - VEGAS Golden Knights : 2.
19:28 of 2nd period - Nicolas Deslauriers wins face-off versus Chris Thorburn in neutral zone.
19:41 of 2nd period - Shot by Milan Michalek.
19:41 of 2nd period - Deflect By Chris Thorburn.
19:41 of 2nd period - Stopped by Chad Johnson without a rebound.
19:42 of 2nd period - Melker Karlsson wins face-off versus Nick Schmaltz in VEGAS Golden Knights zone.
19:55 of 2nd period - Shot by Melker Karlsson.
19:55 of 2nd period - Stopped by Reto Berra without a rebound.
19:56 of 2nd period - Nicolas Deslauriers wins face-off versus John Mitchell in SAN JOSE Sharks zone.
Goals for this period are 0 for SAN JOSE Sharks vs 1 for VEGAS Golden Knights.
Shots for this period are 6 for SAN JOSE Sharks vs 12 for VEGAS Golden Knights.

3rd period


0:01 of 3rd period - Melker Karlsson wins face-off versus Nick Schmaltz in neutral zone.
0:03 of 3rd period - Off-side.
0:04 of 3rd period - Nick Schmaltz wins face-off versus Nick Bjugstad in neutral zone.
0:08 of 3rd period - Off-side.
0:09 of 3rd period - Melker Karlsson wins face-off versus Nick Schmaltz in neutral zone.
0:09 of 3rd period - Melker Karlsson is hit by Nick Schmaltz.
0:42 of 3rd period - Shot by Nick Bjugstad.
0:42 of 3rd period - Shot Blocked by Radko Gudas.
0:44 of 3rd period - Shot by Marcus Kruger.
0:44 of 3rd period - Shot Blocked by Scott Harrington.
0:46 of 3rd period - Shot by Melker Karlsson.
0:46 of 3rd period - Shot Misses the Net.
0:55 of 3rd period - Icing by Radko Gudas.
0:56 of 3rd period - Nicolas Deslauriers wins face-off versus Nick Schmaltz in SAN JOSE Sharks zone.
0:58 of 3rd period - Markus Granlund is hit by Radko Gudas and loses puck.
1:18 of 3rd period - Shot by Markus Granlund.
1:18 of 3rd period - Goal by Markus Granlund - SAN JOSE Sharks : 1 - VEGAS Golden Knights : 3.
1:19 of 3rd period - Antoine Roussel wins face-off versus Chris Thorburn in neutral zone.
1:22 of 3rd period - Mike Matheson is hit by Antoine Roussel and loses puck.
2:32 of 3rd period - Shot by Melker Karlsson.
2:32 of 3rd period - Stopped by Reto Berra without a rebound.
2:33 of 3rd period - John Mitchell wins face-off versus Nicolas Deslauriers in SAN JOSE Sharks zone.
2:48 of 3rd period - Off-side.
2:49 of 3rd period - Chris Tierney wins face-off versus Matt Stajan in neutral zone.
2:54 of 3rd period - Shot by Sven Baertschi.
2:54 of 3rd period - Stopped by Chad Johnson without a rebound.
2:55 of 3rd period - Nick Schmaltz wins face-off versus Melker Karlsson in VEGAS Golden Knights zone.
3:26 of 3rd period - Brayden McNabb is hit by Nick Bjugstad and loses puck.
4:21 of 3rd period - Shot by Benoit Pouliot.
4:21 of 3rd period - Stopped by Reto Berra without a rebound.
4:22 of 3rd period - Antoine Roussel wins face-off versus John Mitchell in SAN JOSE Sharks zone.
4:22 of 3rd period - Zack Kassian is hit by Radko Gudas and loses puck.
4:43 of 3rd period - Shot by Antoine Roussel.
4:43 of 3rd period - Shot Misses the Net.
4:45 of 3rd period - Shot by Zack Kassian.
4:45 of 3rd period - Shot Blocked by John Mitchell.
4:47 of 3rd period - Shot by Antoine Roussel.
4:47 of 3rd period - Stopped by Reto Berra with a rebound.
4:49 of 3rd period - Shot by Connor Carrick.
4:49 of 3rd period - Shot Misses the Net.
4:51 of 3rd period - Shot by Joel Ward.
4:51 of 3rd period - Shot Blocked by Radko Gudas.
4:53 of 3rd period - Shot by Zack Kassian.
4:53 of 3rd period - Stopped by Reto Berra without a rebound.
4:54 of 3rd period - Chris Thorburn wins face-off versus Matt Stajan in SAN JOSE Sharks zone.
4:54 of 3rd period - Brayden McNabb is hit by Ryan Reaves and loses puck.
5:03 of 3rd period - Shot by Michael Raffl.
5:03 of 3rd period - Stopped by Reto Berra without a rebound.
5:04 of 3rd period - Melker Karlsson wins face-off versus Nick Schmaltz in SAN JOSE Sharks zone.
5:29 of 3rd period - Shot by Nick Bjugstad.
5:29 of 3rd period - Stopped by Reto Berra with a rebound.
5:41 of 3rd period - Shot by Mason Raymond.
5:41 of 3rd period - Stopped by Chad Johnson without a rebound.
5:42 of 3rd period - Chris Thorburn wins face-off versus Nicolas Deslauriers in VEGAS Golden Knights zone.
5:43 of 3rd period - Shot by Radko Gudas.
5:43 of 3rd period - Stopped by Chad Johnson without a rebound.
5:44 of 3rd period - Chris Thorburn wins face-off versus Nicolas Deslauriers in VEGAS Golden Knights zone.
6:10 of 3rd period - Minor Penalty to Brenden Dillon for High sticking.
6:11 of 3rd period - Nick Schmaltz wins face-off versus Melker Karlsson in VEGAS Golden Knights zone.
6:16 of 3rd period - Shot by Marcus Foligno.
6:16 of 3rd period - Shot Misses the Net.
6:28 of 3rd period - Shot by Mike Matheson.
6:28 of 3rd period - Stopped by Chad Johnson without a rebound.
6:29 of 3rd period - Chris Tierney wins face-off versus Matt Stajan in VEGAS Golden Knights zone.
6:30 of 3rd period - Shot by Mason Raymond.
6:30 of 3rd period - Stopped by Chad Johnson with a rebound.
6:32 of 3rd period - Shot by Chris Tierney.
6:32 of 3rd period - Stopped by Chad Johnson without a rebound.
6:33 of 3rd period - Matt Stajan wins face-off versus Nick Schmaltz in VEGAS Golden Knights zone.
6:46 of 3rd period - Shot by Nick Schmaltz.
6:46 of 3rd period - Stopped by Chad Johnson with a rebound.
6:48 of 3rd period - Shot by Nick Schmaltz.
6:48 of 3rd period - Stopped by Chad Johnson without a rebound.
6:49 of 3rd period - Mason Raymond wins face-off versus Matt Stajan in VEGAS Golden Knights zone.
6:52 of 3rd period - Shot by Mike Matheson.
6:52 of 3rd period - Shot Misses the Net.
6:54 of 3rd period - Shot by Chris Tierney.
6:54 of 3rd period - Deflect By Johan Franzen.
6:54 of 3rd period - Stopped by Chad Johnson without a rebound.
6:55 of 3rd period - Nick Schmaltz wins face-off versus Matt Stajan in VEGAS Golden Knights zone.
6:59 of 3rd period - Shot by Brayden McNabb.
6:59 of 3rd period - Shot Misses the Net.
7:15 of 3rd period - Shot by Josh Anderson.
7:15 of 3rd period - Stopped by Chad Johnson with a rebound.
7:17 of 3rd period - Shot by Radko Gudas.
7:17 of 3rd period - Deflect By Josh Anderson.
7:17 of 3rd period - Shot Blocked by Melker Karlsson.
9:11 of 3rd period - Off-side.
9:12 of 3rd period - Marcus Foligno wins face-off versus Melker Karlsson in neutral zone.
9:29 of 3rd period - Shot by Marcus Kruger.
9:29 of 3rd period - Stopped by Reto Berra without a rebound.
9:30 of 3rd period - Nick Schmaltz wins face-off versus Antoine Roussel in SAN JOSE Sharks zone.
9:30 of 3rd period - Nick Schmaltz is hit by Zack Kassian.
9:50 of 3rd period - Shot by Zack Kassian.
9:50 of 3rd period - Stopped by Reto Berra without a rebound.
9:51 of 3rd period - Chris Thorburn wins face-off versus Nicolas Deslauriers in SAN JOSE Sharks zone.
10:12 of 3rd period - Shot by Benoit Pouliot.
10:12 of 3rd period - Stopped by Reto Berra without a rebound.
10:13 of 3rd period - Nick Schmaltz wins face-off versus Melker Karlsson in SAN JOSE Sharks zone.
10:20 of 3rd period - Shot by Josh Anderson.
10:20 of 3rd period - Stopped by Chad Johnson with a rebound.
10:44 of 3rd period - Shot by Nick Schmaltz.
10:44 of 3rd period - Shot Misses the Net.
10:46 of 3rd period - Shot by Brayden McNabb.
10:46 of 3rd period - Shot Misses the Net.
10:48 of 3rd period - Shot by Nick Schmaltz.
10:48 of 3rd period - Shot Misses the Net.
10:50 of 3rd period - Shot by Nick Schmaltz.
10:50 of 3rd period - Stopped by Chad Johnson with a rebound.
11:26 of 3rd period - Shot by Chris Tierney.
11:26 of 3rd period - Stopped by Chad Johnson without a rebound.
11:27 of 3rd period - Antoine Roussel wins face-off versus Johan Franzen in VEGAS Golden Knights zone.
11:52 of 3rd period - Shot by Chris Thorburn.
11:52 of 3rd period - Stopped by Chad Johnson without a rebound.
11:53 of 3rd period - John Mitchell wins face-off versus Nicolas Deslauriers in VEGAS Golden Knights zone.
12:24 of 3rd period - Shot by Markus Granlund.
12:24 of 3rd period - Shot Blocked by John Mitchell.
12:26 of 3rd period - Shot by Markus Granlund.
12:26 of 3rd period - Shot Misses the Net.
12:42 of 3rd period - Shot by Marcus Kruger.
12:42 of 3rd period - Stopped by Reto Berra with a rebound.
12:44 of 3rd period - Shot by Connor Carrick.
12:44 of 3rd period - Stopped by Reto Berra without a rebound.
12:45 of 3rd period - Antoine Roussel wins face-off versus Nick Schmaltz in SAN JOSE Sharks zone.
13:00 of 3rd period - Shot by Antoine Roussel.
13:00 of 3rd period - Shot Misses the Net.
13:02 of 3rd period - Shot by Zack Kassian.
13:02 of 3rd period - Shot Misses the Net.
13:04 of 3rd period - Shot by Joel Ward.
13:04 of 3rd period - Stopped by Reto Berra without a rebound.
13:05 of 3rd period - Melker Karlsson wins face-off versus Chris Tierney in SAN JOSE Sharks zone.
13:08 of 3rd period - Shot by Melker Karlsson.
13:08 of 3rd period - Shot Misses the Net.
13:10 of 3rd period - Shot by Melker Karlsson.
13:10 of 3rd period - Goal by Melker Karlsson - SAN JOSE Sharks : 1 - VEGAS Golden Knights : 4.
13:11 of 3rd period - Chris Tierney wins face-off versus Nick Bjugstad in neutral zone.
13:59 of 3rd period - Marcus Kruger is hit by Nick Schmaltz.
14:21 of 3rd period - Icing by Nicolas Deslauriers.
14:22 of 3rd period - Chris Thorburn wins face-off versus Nicolas Deslauriers in VEGAS Golden Knights zone.
15:47 of 3rd period - Chris Tierney is hit by Brendan Smith and loses puck.
16:44 of 3rd period - Josh Anderson is hit by Jordan Oesterle and loses puck.
17:13 of 3rd period - Shot by Melker Karlsson.
17:13 of 3rd period - Stopped by Reto Berra without a rebound.
17:14 of 3rd period - John Mitchell wins face-off versus Nicolas Deslauriers in SAN JOSE Sharks zone.
17:16 of 3rd period - Icing by Lauri Korpikoski.
17:17 of 3rd period - John Mitchell wins face-off versus Melker Karlsson in SAN JOSE Sharks zone.
17:22 of 3rd period - Shot by Lauri Korpikoski.
17:22 of 3rd period - Stopped by Chad Johnson with a rebound.
17:24 of 3rd period - Shot by Marcus Foligno.
17:24 of 3rd period - Shot Misses the Net.
17:26 of 3rd period - Shot by Radko Gudas.
17:26 of 3rd period - Shot Misses the Net.
17:32 of 3rd period - Shot by John Mitchell.
17:32 of 3rd period - Shot Misses the Net.
17:46 of 3rd period - Shot by John Mitchell.
17:46 of 3rd period - Shot Blocked by Brenden Dillon.
18:50 of 3rd period - Shot by Benoit Pouliot.
18:50 of 3rd period - Stopped by Reto Berra without a rebound.
18:51 of 3rd period - Antoine Roussel wins face-off versus Nick Schmaltz in SAN JOSE Sharks zone.
Goals for this period are 0 for SAN JOSE Sharks vs 2 for VEGAS Golden Knights.
Shots for this period are 15 for SAN JOSE Sharks vs 16 for VEGAS Golden Knights.